 Dungeon Crawl Stone Soup version 0.23.2-30-g0e89c35649 (webtiles) character file.

Game seed: 6793178276715284096

287 Hivemind the Cudgeler (level 6, -1/51 HPs)
             Began as a Demonspawn Chaos Knight on June 12, 2019.
             Was a Plaything of Xom.
             Slain by a scorpion (11 damage)
             ... on level 4 of the Dungeon.
             The game lasted 00:18:29 (3920 turns).

Hivemind the Cudgeler (Demonspawn Chaos Knight)     Turns: 3920, Time: 00:18:30

Health: -1/51      AC:  5    Str: 14    XL:     6   Next: 8%
Magic:  6/6        EV: 10    Int: 15    God:    Xom [.....*]
Gold:   184        SH:  6    Dex: 17    Spells: 5/5 levels left

rFire    x . .     SeeInvis .   a - +0 mace (chaos)
rCold    + . .     Gourm    .   m - +0 buckler
rNeg     . . .     Faith    .   b - +2 leather armour
rPois    +         Spirit   .   (helmet restricted)
rElec    .         Reflect  +   (no cloak)
rCorr    .         Harm     .   (no gloves)
MR       +....                  (no boots)
Stlth    +.........             x - +2 amulet of reflection
HPRegen  0.17/turn              o - ring of ice (curse)
MPRegen  0.10/turn              w - +4 ring of dexterity

@: lethally poisoned (-1 -> -5)
A: horns 2, talons 1, clever 1, magic resistance 1, poison resistance, robust 1,
wild magic 1, evolution 1
a: Renounce Religion


You were on level 4 of the Dungeon.
You worshipped Xom.
You were Xom's teddy bear.
You were hungry.

You visited 1 branch of the dungeon, and saw 4 of its levels.

You collected 184 gold pieces.

Inventory:

Hand Weapons
 a - a +0 mace of chaos (weapon)
Missiles
 i - 137 stones (quivered)
 t - 4 tomahawks
Armour
 b - a +2 leather armour (worn)
 m - a +0 buckler (worn)
Jewellery
 o - a cursed ring of ice (left hand)
 w - a +4 ring of dexterity (right hand)
 x - a +2 amulet of reflection (around neck)
Wands
 p - a wand of iceblast (4)
Scrolls
 e - a scroll of fog {unknown}
 h - 2 scrolls of amnesia {unknown}
 j - a scroll of teleportation {unknown}
 k - 3 scrolls of identify {unknown}
 n - a scroll of immolation {unknown}
 u - a scroll of remove curse {unknown}
 v - 2 scrolls of random uselessness {unknown}
Potions
 d - a potion of mutation {unknown}
 f - 2 potions of curing {unknown}
 g - 3 potions of heal wounds {unknown}
 l - a potion of agility {unknown}
 q - a potion of ambrosia {unknown}
 r - a potion of lignification {unknown}
 s - a potion of degeneration {unknown}
 z - a potion of cancellation {unknown}
Comestibles
 c - 7 rations


   Skills:
 - Level 3.0 Fighting
 + Level 6.3 Maces & Flails
 - Level 1.7 Armour
 - Level 0.8 Dodging


You had 5 spell levels left.
You didn't know any spells.
Your spell library was empty.

Dungeon Overview and Level Annotations

Branches:
Dungeon (4/15)
 Temple: D:4-7

Altars:
Fedhas
Gozag
Nemelex Xobeh
Qazlal


Innate Abilities, Weirdness & Mutations

You have a pair of horns on your head.
You have sharp toenails.
Your mind is acute. (Int +2)
You are resistant to hostile enchantments. (MR+)
Your system is resistant to poisons. (rPois)
You are robust. (+10% HP)
Your spells are a little harder to cast, but a little more powerful.
You evolve.


Message History

* * * LOW HITPOINT WARNING * * *
You feel sick.
You feel sick.
The scorpion stings you but does no damage.
You hit the scorpion but do no damage.
You claw the scorpion, but do no damage.
The scorpion is almost dead.
You feel sick.
The scorpion stings you but does no damage.
You barely miss the scorpion.
The scorpion is almost dead.
The scorpion stings you.
* * * LOW HITPOINT WARNING * * *
You block the scorpion's attack.
You barely miss the scorpion.
You claw the scorpion, but do no damage.
The scorpion is almost dead.
You feel sick. The scorpion stings you!
You die... "Huh?
Did I miss anything?"

####.###.##...##
#.# #.# #.###.##
#># #.# #.# ###
#######.# #.#
#.# #.......#
#.# #.#
#.#####.# #.#
#.# #.# #.# * *
#.# #.# #.# * *
* #.# #.# #.# *
*, **.#######@#
#.# * * ,,
.......#s# #.# *
****.........#
#.# *
*######.........
* #..#######
...# #.#.# #.#.#
#.#.#


You could see a scorpion (berserk).

Vanquished Creatures
  A howler monkey (D:4)
  Ijyb (D:3)
  An iguana (D:4)
  A worker ant (D:4)
  Robin (D:3)
  5 adders
  4 worms
  5 dart slugs
  A leopard gecko (D:2)
  6 orcs (D:3)
  A ball python (D:3)
  6 giant cockroaches
  17 goblins
  9 hobgoblins
  7 kobolds
  4 quokkas
  5 bats
  6 frilled lizards
  7 rats
88 creatures vanquished.

Notes
Turn   | Place    | Note
-------+----------+-------------------------------------------
     0 | D:1      | Hivemind the Demonspawn Chaos Knight began the quest for
                  | the Orb.
     0 | D:1      | Reached XP level 1. HP: 18/18 MP: 1/1
    84 | D:1      | Reached skill level 3 in Maces & Flails
   419 | D:1      | Gained mutation: You have a pair of small horns on your
                  | head. [demonic ancestry]
   419 | D:1      | Reached XP level 2. HP: 12/24 MP: 2/2
   906 | D:2      | XOM: potion effect (agility)
   944 | D:2      | XOM: give mutations
   944 | D:2      | Gained mutation: You are resistant to hostile enchantments.
                  | (MR+) [Xom's grace]
   944 | D:2      | Gained mutation: Your spells are a little harder to cast,
                  | but a little more powerful. [Xom's grace]
   944 | D:2      | Gained mutation: You have sharp toenails. [Xom's grace]
  1170 | D:2      | Reached XP level 3. HP: 29/29 MP: 3/3
  1225 | D:2      | Found a stormy altar of Qazlal.
  1228 | D:2      | Reached skill level 4 in Maces & Flails
  1229 | D:2      | Found a blossoming altar of Fedhas.
  1429 | D:2      | XOM: medium Summ miscast
  1430 | D:2      | Noticed a red devil
  1821 | D:3      | Noticed Ijyb
  1826 | D:3      | XOM: divination: detect items
  1832 | D:3      | Killed Ijyb
  1832 | D:3      | Gained mutation: You have a pair of horns on your head.
                  | [demonic ancestry]
  1832 | D:3      | Reached XP level 4. HP: 12/35 MP: 4/4
  1974 | D:3      | XOM: divination: detect creatures
  2067 | D:3      | Noticed Robin
  2080 | D:3      | Killed Robin
  2080 | D:3      | Reached skill level 5 in Maces & Flails
  2525 | D:3      | Reached XP level 5. HP: 39/41 MP: 5/5
  2550 | D:3      | Noticed a glowing shapeshifter
  2550 | D:3      | a worm changed into a glowing shapeshifter
  2550 | D:3      | Noticed a torpor snail
  2550 | D:3      | a glowing shapeshifter changed into a torpor snail
  2556 | D:3      | Noticed a glowing shapeshifter
  2556 | D:3      | a torpor snail changed into a glowing shapeshifter
  2557 | D:3      | Noticed a swamp dragon
  2557 | D:3      | a glowing shapeshifter changed into a swamp dragon
  2559 | D:3      | Noticed a salamander
  2559 | D:3      | a swamp dragon changed into a salamander
  2784 | D:3      | XOM: 1-stop teleportation journey
  2851 | D:3      | XOM: cloud trail
  2992 | D:3      | XOM: 2-stop teleportation journey
  3059 | D:3      | XOM: harmless Chrm miscast
  3159 | D:3      | Noticed a raiju
  3176 | D:3      | Noticed a rime drake
  3180 | D:3      | Noticed a human
  3180 | D:3      | a rime drake changed into a human
  3190 | D:3      | Noticed a jumping spider
  3194 | D:3      | Noticed a mana viper
  3194 | D:3      | a jumping spider changed into a mana viper
  3202 | D:3      | XOM: enchant monster (good)
  3217 | D:3      | HP: 2/41 [mana viper (glowing shapeshifter) (3)]
  3218 | D:3      | Noticed a moth of wrath
  3218 | D:3      | a mana viper changed into a moth of wrath
  3220 | D:3      | Noticed a salamander
  3224 | D:3      | XOM: enchant monster (good)
  3536 | D:3      | Found a sparkling altar of Nemelex Xobeh.
  3537 | D:3      | Found an opulent altar of Gozag.
  3606 | D:3      | Noticed a faun
  3735 | D:4      | Reached skill level 6 in Maces & Flails
  3747 | D:4      | XOM: divination: magic mapping
  3755 | D:4      | Reached XP level 6. HP: 41/47 MP: 6/6
  3835 | D:4      | XOM: give mutations
  3835 | D:4      | Gained mutation: Your system is resistant to poisons.
                  | (rPois) [Xom's grace]
  3835 | D:4      | Gained mutation: You evolve. [Xom's grace]
  3835 | D:4      | Gained mutation: You are robust. (+10% HP) [Xom's grace]
  3835 | D:4      | Gained mutation: Your mind is acute. (Int +2) [Xom's grace]
  3920 | D:4      | Slain by a scorpion

Skill      XL: |  1  2  3  4  5 |
---------------+----------------+-----
Maces & Flails | 3 4 5 6 |  6.3
Fighting       | |  3.0
Armour         | |  1.7
Dodging        | |  0.8

Action                   |  1- 3 |  4- 6 || total
-------------------------+-------+-------++-------
Melee: Mace              |   102 |   125 ||   227
       Headbutt          |     9 |    17 ||    26
       Kick              |    17 |    29 ||    46
Throw: Stone             |       |    11 ||    11
 Stab: Confused          |     1 |       ||     1
       Sleeping          |       |     1 ||     1
  Eat: Chunk             |     2 |     7 ||     9
Armor: Leather armour    |    29 |    33 ||    62
Dodge: Dodged            |    49 |    45 ||    94
Block: Buckler           |     3 |    16 ||    19
